 Dungeon Crawl Stone Soup version 0.26-a0-852-g6321bf7485 (webtiles) character file.

Game seed: 4431762291053075316

3796 mhtbhm the Blocker (level 10, -3/60 HPs)
             Began as a Gargoyle Fighter on Nov 21, 2020.
             Was a Believer of Okawaru.
             Slain by a +0 quarterstaff of chaos (15 damage)
             ... on level 8 of the Dungeon.
             The game lasted 00:12:11 (8051 turns).

mhtbhm the Blocker (Gargoyle Fighter)               Turns: 8051, Time: 00:12:12

Health: -3/60      AC: 28    Str: 25    XL:     10   Next: 16%
Magic:  10/10      EV: 17    Int: 16    God:    Okawaru [**....]
Gold:   35         SH:  0    Dex:  9    Spells: 9/9 levels left

rFire    . . .     SeeInvis .   a - +1 whip (flame)
rCold    . . .     Faith    .   c - +0 kite shield
rNeg     + . .     Spirit   .   b - +5 ring mail of Conscience {+Inv}
rPois    ∞         Reflect  .   l - +0 helmet
rElec    +         Harm     .   p - +0 cloak
rCorr    .         Rampage  +   r - +1 pair of gloves {Str+3}
MR       .....                  G - +0 pair of boots {rampage}
Stlth    ..........             (no amulet)
HPRegen  0.20/turn              j - +4 ring of protection
MPRegen  0.12/turn              w - +6 ring of intelligence

@: confused, agile, very slightly contaminated, slowed, very slow
A: negative energy resistance 1, electricity resistance, unbreathing,
petrification resistance, rot immunity, AC +7
a: Heroism, Renounce Religion, Evoke Invisibility


You were on level 8 of the Dungeon.
You worshipped Okawaru.
Okawaru was pleased with you.
You visited 2 branches of the dungeon, and saw 9 of its levels.

You collected 551 gold pieces.
You spent 516 gold pieces at shops.

Inventory:

Hand Weapons
 a - a +1 whip of flaming (weapon)
Armour
 b - the +5 ring mail of Conscience (worn) {+Inv}
   (You found it on level 5 of the Dungeon)

   It lets you turn invisible.
 c - a +0 kite shield (worn)
 l - a +0 helmet (worn)
 p - a +0 cloak (worn)
 r - a +1 pair of gloves of strength (worn)
 G - a +0 pair of boots of rampaging (worn)
Jewellery
 j - a +4 ring of protection (left hand)
 w - a +6 ring of intelligence (right hand)
Wands
 h - a wand of random effects (14)
 y - a wand of iceblast (11)
 D - a wand of paralysis (17)
Scrolls
 i - 2 scrolls of remove curse
 o - 3 scrolls of magic mapping
 q - 6 scrolls of teleportation
 v - 2 scrolls of enchant armour
 x - 2 scrolls of enchant weapon
 z - 2 scrolls of blinking
 A - 3 scrolls of fog
Potions
 g - a potion of ambrosia
 m - 3 potions of resistance
 n - 2 potions of cancellation
 s - a potion of mutation
 u - 2 potions of attraction {unknown}
 B - 2 potions of curing {unknown}
 F - a potion of might


   Skills:
 + Level 5.8 Fighting
 + Level 7.9 Maces & Flails
 + Level 5.9 Armour
 + Level 5.1 Dodging
 + Level 1.6 Stealth
 + Level 9.4 Shields


You had 9 spell levels left.
You didn't know any spells.
Your spell library contained the following spells:

 Spells                   Type           Power        Failure   Level
 Freeze                   Ice            #...         58%         1
 Magic Dart               Conj           #...         58%         1
 Sting                    Tmut/Pois      #...         58%         1
 Poisonous Vapours        Pois/Air       #.....       75%         2
 Searing Ray              Conj           #.....       75%         2
 Confusing Touch          Hex            #.......     92%         3
 Dazzling Flash           Conj/Hex       #.....       92%         3
 Frozen Ramparts          Ice            #.....       92%         3
 Gell's Gravitas          Tloc           #.........   92%         3
 Ignite Poison            Fire/Tmut/Pois #.......     92%         3
 Mephitic Cloud           Conj/Pois/Air  #.......     92%         3
 Ozocubu's Armour         Ice            #.......     92%         3
 Fulminant Prism          Conj/Hex       #.........   100%        4
 Hailstorm                Conj/Ice       #.......     100%        4
 Iskenderun's Mystic Bla  Conj/Tloc      #.......     100%        4
 Olgreb's Toxic Radiance  Pois           #.......     100%        4
 Petrify                  Tmut/Erth      #.......     100%        4
 Summon Ice Beast         Ice/Summ       #.......     100%        4
 Metabolic Englaciation   Hex/Ice        #.........   100%        5
 Yara's Violent Unravell  Hex/Tmut       #.........   100%        5


Dungeon Overview and Level Annotations

Branches:
Dungeon (8/15)             Temple (1/1) D:6
   Lair: D:8-11

Altars:
Ashenzari
Cheibriados
Dithmenos
Elyvilon
Fedhas
Gozag
Hepliaklqana
Makhleb
Nemelex Xobeh
Okawaru
Qazlal
Ru
Sif Muna
Uskayaw
Wu Jian
Xom
Yredelemnul
Zin
The Shining One

Shops:
D:8 *?[(

Annotations:
D:8 Meejax's ghost, novice FoFi


Innate Abilities, Weirdness & Mutations

You are resistant to torment.
Your stone body is resilient. (AC +7)
You are immune to poison.
You resist negative energy. (rN+)
You are resistant to electric shocks. (rElec)
You can survive without breathing.
You are immune to petrification.
You are immune to rotting.


Message History

The +0 quarterstaff of chaos freezes you.
* * * LOW HITPOINT WARNING * * *
You block Meejax's ghost's attack.
Okay, then.
Evoke which item? (* to show all) (? for menu, Esc to quit)
Press: ? - help, Shift-Dir - straight line, f - Meejax's ghost
Aim: Meejax's ghost (almost destroyed, not susceptible)
Okay, then.
The +0 quarterstaff of chaos hits you but does no damage.
Meejax's ghost screams, "Zot is a myth, the ORB is a fable, you'll soon be a tale!"
You block the +0 quarterstaff of chaos's attack.
Meejax's ghost barely misses you.
The +0 quarterstaff of chaos hits you but does no damage.
The +0 quarterstaff of chaos hits you!
* * * LOW HITPOINT WARNING * * *
You feel more agile all of a sudden.
Unknown command.
You are confused.
You feel invigorated. The +0 quarterstaff of chaos hits you!
You die...

...............#.........#...#...
.............###.........#.<.#...
............##.#.#.####.##.###...
.#####'##...#._'...####.##.####+#
.#...[..#...##.#............#....
.#......#....###..#+#.......#....
.#......#.......W''∩+.......#....
.#......#.......(##'#.......#....
.#......#.......@#..........#....
.#..<.###........######+##+#####'
##'########'####.................
#.....#........#.................
#.....#........'.........).......
#.....#........#.................
################.................
.............#.####.........#'###
.............'....#.........#....


You could see a +0 quarterstaff of chaos and Meejax's ghost.

Vanquished Creatures
  A two-headed ogre (D:8)
  Pikel (D:4)
  Menkaure (D:6)
  A black bear (D:8)
  An orc warrior (D:8)
  An ice beast (D:5)
  A phantom (D:8)
  2 ogres
  3 centaurs
  7 bullfrogs
  5 scorpions
  A jelly (D:6)
  6 orc priests
  A hound (D:3)
  Crazy Yiuf (D:2)
  A centaur skeleton (D:8)
  Jessica (D:2)
  An iguana (D:7)
  Ijyb (D:4)
  8 orc wizards
  Natasha (thrice) (D:4)
  3 worker ants
  2 hound skeletons
  A howler monkey zombie (D:8)
  6 gnolls
  9 adders
  3 shadow imps
  2 white imps
  2 ufetubi
  2 oozes (D:2)
  An adder skeleton (D:7)
  A worm (D:6)
  A dart slug (D:3)
  4 leopard geckos
  34 orcs
  A ball python (D:3)
  2 giant cockroaches
  12 goblins
  12 hobgoblins
  11 jackals
  6 quokkas
  7 bats
  7 frilled lizards
  5 kobolds
  A leopard gecko skeleton (D:4)
  A quokka zombie (D:7)
  7 rats
  2 bushes (D:2)
193 creatures vanquished.

Vanquished Creatures (others)
  7 plants
7 creatures vanquished.

Grand Total: 200 creatures vanquished

Notes
Turn   | Place    | Note
-------+----------+-------------------------------------------
     0 | D:1      | mhtbhm the Gargoyle Fighter began the quest for the Orb.
     0 | D:1      | Reached XP level 1. HP: 14/14 MP: 1/1
   113 | D:1      | Reached XP level 2. HP: 13/19 MP: 2/2
   442 | D:1      | Reached XP level 3. HP: 22/23 MP: 3/3
   891 | D:2      | Noticed Jessica
   896 | D:2      | Killed Jessica
   897 | D:2      | Reached skill level 4 in Shields
   897 | D:2      | Reached XP level 4. HP: 28/29 MP: 4/4
  1087 | D:2      | Found a snail-covered altar of Cheibriados.
  1476 | D:2      | Found a runed translucent door.
  1477 | D:2      | Noticed Crazy Yiuf
  1602 | D:2      | Killed Crazy Yiuf
  1603 | D:2      | Reached XP level 5. HP: 22/33 MP: 5/5
  2428 | D:5      | Entered Level 5 of the Dungeon
  2566 | D:4      | Noticed Ijyb
  2580 | D:4      | Reached skill level 1 in Dodging
  2580 | D:4      | Reached XP level 6. HP: 38/38 MP: 6/6
  2600 | D:4      | Killed Ijyb
  2615 | D:4      | Reached skill level 5 in Shields
  2691 | D:4      | Noticed Pikel
  2703 | D:4      | Killed Pikel
  2704 | D:4      | Reached skill level 6 in Shields
  2704 | D:4      | Reached XP level 7. HP: 43/43 MP: 7/7
  2725 | D:4      | Reached skill level 5 in Maces & Flails
  2725 | D:4      | Reached XP level 8. HP: 41/48 MP: 8/8
  2865 | D:4      | Noticed Natasha
  2871 | D:4      | Killed Natasha
  3009 | D:4      | Noticed Natasha
  3032 | D:4      | Killed Natasha
  3107 | D:4      | Noticed Natasha
  3122 | D:4      | Killed Natasha
  3189 | D:3      | Found a broken altar of Ashenzari.
  3613 | D:3      | Found a sacrificial altar of Ru.
  3708 | D:5      | Found a glowing golden altar of the Shining One.
  3719 | D:5      | Reached skill level 5 in Armour
  3850 | D:5      | Found an opulent altar of Gozag.
  3873 | D:5      | Got a masterwork ring mail
  3879 | D:5      | Identified the +5 ring mail of Conscience {+Inv} (You found
                  | it on level 5 of the Dungeon)
  3978 | D:5      | Found a white marble altar of Elyvilon.
  3988 | D:5      | Became a worshipper of Elyvilon the Healer
  4015 | D:5      | Reached skill level 1 in Stealth
  4015 | D:5      | Reached skill level 7 in Shields
  4903 | D:6      | Reached XP level 9. HP: 44/53 MP: 9/9
  5091 | D:6      | Reached * piety under Elyvilon
  5483 | D:6      | Reached skill level 5 in Fighting
  5483 | D:6      | Reached skill level 8 in Shields
  5523 | D:6      | Found a staircase to the Ecumenical Temple.
  5589 | Temple   | Entered the Ecumenical Temple
  5677 | Temple   | Fell from the grace of Elyvilon
  5677 | Temple   | Became a worshipper of Warmaster Okawaru
  5802 | D:6      | Noticed Menkaure
  5813 | D:6      | Killed Menkaure
  5939 | D:7      | Found a sacrificial altar of Ru.
  6034 | D:7      | Found a blossoming altar of Fedhas.
  6776 | D:8      | Reached * piety under Okawaru
  7007 | D:8      | Found Ifigumm's Armour Shop.
  7015 | D:8      | Bought a +0 pair of boots of rampaging for 184 gold pieces
  7055 | D:8      | Found a runed translucent door.
  7059 | D:8      | Found a shimmering altar of Xom.
  7059 | D:8      | Noticed Meejax's ghost (novice FoFi)
  7059 | D:8      | Noticed a +0 quarterstaff of chaos
  7113 | D:8      | Found Quasann's Antique Weapon Emporium.
  7150 | D:8      | Bought a glowing whip for 170 gold pieces
  7340 | D:8      | Reached skill level 9 in Shields
  7427 | D:8      | Found Enaa's General Store.
  7435 | D:8      | Bought a scroll of teleportation for 42 gold pieces
  7502 | D:8      | Found Mopu's Magic Scroll Shoppe.
  7506 | D:8      | Bought a scroll of enchant weapon for 82 gold pieces
  7506 | D:8      | Bought a scroll of magic mapping for 38 gold pieces
  7555 | D:8      | Noticed a two-headed ogre
  7578 | D:8      | HP: 2/54 [two-headed ogre/+0 giant club (11)]
  7579 | D:8      | Killed a two-headed ogre
  7579 | D:8      | Reached ** piety under Okawaru
  7580 | D:8      | Reached skill level 5 in Dodging
  7580 | D:8      | Reached XP level 10. HP: 2/60 MP: 10/10
  8051 | D:8      | Slain by a +0 quarterstaff of chaos

Illustrated notes

Levels and vault maps discovered:
D:1:      dpeg_arrival_rooms_with_view, layout_basic, minmay_cut_off
D:2:      layout_basic, old_standard_altar, serial_forest,
          infiniplex_forest_end_2, infiniplex_forest_clump_curved,
          infiniplex_forest_end_2, infiniplex_forest_end_2,
          infiniplex_forest_end_2, infiniplex_forest_split,
          infiniplex_forest_clump_medium, infiniplex_forest_straight_1,
          uniq_crazy_yiuf_cottage, uniq_jessica
D:3:      layout_loops_cross, nicolae_overflow_hidden_temple,
          nicolae_ru_path_of_blood
D:4:      layout_rooms, uniq_pikel, uniq_natasha, uniq_ijyb
D:5:      layout_basic, grunt_gozag_statues, elyvilon_altar_3, kennysheep_mini
D:6:      layout_loops_ring, minmay_temple_entry_mist, uniq_menkaure
D:7:      layout_basic, fedhas_ov_isle_minmay, basic_altar
D:8:      layout_gridville, serial_shops, nicolae_shop_behind_doors, shop, shop,
          nicolae_shop_temple_entry_statues_fountains, ebering_ghost_xom,
          kennysheep_generic_room_7
Temple:   nicolae_temple_hex_pool

Skill      XL: |  1  2  3  4  5  6  7  8  9 |
---------------+----------------------------+-----
Shields        | 4 6 7 9 |  9.4
Armour         | 4 5 |  5.9
Maces & Flails | 3 4 5 6 7 |  7.9
Dodging        | 1 2 3 5 |  5.1
Fighting       | 4 5 |  5.8
Stealth        | 1 |  1.6

Action                   |  1- 3 |  4- 6 |  7- 9 | 10-12 || total
-------------------------+-------+-------+-------+-------++-------
Melee: Flail             |   137 |   413 |    31 |       ||   581
       Whip              |       |       |   726 |    38 ||   764
 Abil: Evoke Invisibilit |       |       |       |     1 ||     1
  Use: Scroll            |       |     4 |    10 |       ||    14
       Potion            |       |     1 |     1 |     1 ||     3
 Stab: Invisible         |       |       |       |     3 ||     3
Armor: Scale mail        |    96 |   131 |       |       ||   227
       Ring mail         |       |    45 |   285 |    18 ||   348
Dodge: Dodged            |    60 |   129 |   258 |    19 ||   466
Block: Kite shield       |    93 |   171 |   352 |    24 ||   640

Table legend: (Time is in decaauts)
 A = Elapsed time spent in this place.
 B = Non-inter-level travel time spent in this place.
 C = Inter-level travel time spent in this place.
 D = Time resting spent in this place.
 E = Time spent auto-exploring this place.
 F = Levels seen in this place.
 G = Mean time per level.
                   A        B        C        D        E       F      G
               +--------+--------+--------+--------+--------+-----+--------+
         Total |   8117 |   8014 |    103 |   1001 |   4420 |   9 |  901.9 |
       Dungeon |   8013 |   7910 |    103 |   1001 |   4345 |   8 | 1001.6 |
        Temple |    103 |    103 |      0 |      0 |     75 |   1 |  103.0 |
               +--------+--------+--------+--------+--------+-----+--------+

Top non-repeatable levels by time:
     D:8: 1627 daAuts
     D:6: 1324 daAuts
     D:2: 1320 daAuts
     D:5: 897 daAuts
     D:3: 845 daAuts
     D:1: 829 daAuts
     D:4: 755 daAuts
     D:7: 413 daAuts
  Temple: 103 daAuts
